TOP OF THE 1ST |
Mahoning Valley Scrappers batting - Pitching for Spokane Indians : RHP Loeck Bakker
|
Pitching: RHP Loeck Bakker
|
|
Batting: LHB John Harring
|
0-0: Foul Ball, location: 2F 0-1: Ball 1-1: Ball 2-1: Bunt missed! 2-2: Ball 3-2: Foul Ball, location: 2F 3-2: Strikes out swinging
|
Batting: RHB Juan Padilla
|
0-0: Ball 1-0: Ball 2-0: Foul Ball, location: 2F 2-1: Ball 3-1: Base on Balls
|
Batting: RHB Ryan Gautney
|
0-0: Ball 1-0: SINGLE (Line Drive, 9S, EV 95.0 MPH) Juan Padilla to second Runner from 2nd tries for 3rd, SAFE, throw by RF made to third
|
Batting: SHB Joe Zeiset
|
0-0: Fly out, F6 (Popup, 6MS, EV 83.1 MPH)
|
Batting: LHB Devon Grant
|
0-0: Ball 1-0: Foul Ball, location: 2F 1-1: Ball 2-1: Ball 3-1: Called Strike 3-2: Fly out, F7 (Flyball, 7LD, EV 111.3 MPH)
|
Top of the 1st over - 0 runs, 1 hit, 0 errors, 2 left on base; Mahoning Valley 0 - Spokane 0 |
BOTTOM OF THE 1ST |
Spokane Indians batting - Pitching for Mahoning Valley Scrappers : RHP Marcus Cox
|
Pitching: RHP Marcus Cox
|
|
Batting: RHB Joe Kemp
|
0-0: Ball 1-0: Foul Ball, location: 2F 1-1: Ball 2-1: Ground out 6-3 (Groundball, 6M, EV 80.6 MPH)
|
Batting: LHB William Hanley
|
0-0: Ball 1-0: Fly out, F7 (Flyball, 7LS, EV 91.9 MPH)
|
Batting: SHB Alvare Bairro
|
0-0: Called Strike 0-1: Foul Ball, location: 2F 0-2: Foul Ball, location: 2F 0-2: Ball 1-2: Ball 2-2: SINGLE (Groundball, 4D, EV 95.0 MPH)
|
Batting: RHB Andy Sheridan
|
0-0: Ball Alvare Bairro steals 2nd base 1-0: Ball 2-0: Fly out, F8 (Flyball, 8LD, EV 81.3 MPH)
|
Bottom of the 1st over - 0 runs, 1 hit, 0 errors, 1 left on base; Mahoning Valley 0 - Spokane 0 |
TOP OF THE 2ND |
Mahoning Valley Scrappers batting - Pitching for Spokane Indians : RHP Loeck Bakker
|
Batting: RHB Jeremy Givens
|
0-0: Ball 1-0: Swinging Strike 1-1: Ball 2-1: Ball 3-1: Called Strike 3-2: Strikes out swinging
|
Batting: RHB Ricky Cordova
|
0-0: Swinging Strike 0-1: Ball 1-1: Ball 2-1: Ball 3-1: Fly out, F7 (Line Drive, 7, EV 93.8 MPH)
|
Batting: RHB Gashie Chimsima
|
0-0: Ball 1-0: Swinging Strike 1-1: Ball 2-1: Foul Ball, location: 2F 2-2: Foul Ball, location: 2F 2-2: Strikes out swinging
|
Top of the 2nd over - 0 runs, 0 hits, 0 errors, 0 left on base; Mahoning Valley 0 - Spokane 0 |
BOTTOM OF THE 2ND |
Spokane Indians batting - Pitching for Mahoning Valley Scrappers : RHP Marcus Cox
|
Batting: LHB Willie Calderon
|
0-0: Ball 1-0: SINGLE (Groundball, 25, EV 66.9 MPH) (infield hit)
|
Batting: RHB Zi-jing Wang
|
0-0: Ball Willie Calderon is caught stealing 2nd base 2-4 1-0: Ground out 4-3 (Groundball, 4, EV 100.6 MPH)
|
Batting: RHB Jason Sher
|
0-0: Ball 1-0: Ball 2-0: SINGLE (Groundball, 25, EV 71.9 MPH) (infield hit)
|
Batting: RHB Alex Vasquez
|
0-0: Ball Wild Pitch! Jason Sher to second 1-0: Ball 2-0: Swinging Strike 2-1: Ball 3-1: Base on Balls
|
Batting: RHB Dave Brabo
|
0-0: Foul Ball, location: 2F 0-1: Fielders Choice at 2nd, 5-4 (Groundball, 56, EV 105.0 MPH)
|
Bottom of the 2nd over - 0 runs, 2 hits, 0 errors, 2 left on base; Mahoning Valley 0 - Spokane 0 |
TOP OF THE 3RD |
Mahoning Valley Scrappers batting - Pitching for Spokane Indians : RHP Loeck Bakker
|
Batting: LHB Tom Bemis
|
0-0: Foul Ball, location: 2F 0-1: Ball 1-1: Ball 2-1: Ball 3-1: Fly out, F8 (Flyball, 8RM, EV 98.1 MPH)
|
Batting: LHB John Harring
|
0-0: Ground out U3 (Groundball, 3, EV 83.8 MPH)
|
Batting: RHB Juan Padilla
|
0-0: Ball 1-0: Called Strike 1-1: Ball 2-1: Ground out 6-3 (Groundball, 6, EV 86.3 MPH)
|
Top of the 3rd over - 0 runs, 0 hits, 0 errors, 0 left on base; Mahoning Valley 0 - Spokane 0 |
BOTTOM OF THE 3RD |
Spokane Indians batting - Pitching for Mahoning Valley Scrappers : RHP Marcus Cox
|
Batting: RHB Joe Kemp
|
0-0: Called Strike 0-1: Ball 1-1: Ball 2-1: Ball 3-1: Fly out, F6 (Popup, 6MD, EV 58.8 MPH)
|
Batting: LHB William Hanley
|
0-0: Ball 1-0: Ball 2-0: Ground out 4-3 (Groundball, 4, EV 105.0 MPH)
|
Batting: SHB Alvare Bairro
|
0-0: Called Strike 0-1: Called Strike 0-2: Ball 1-2: Ball 2-2: Ball 3-2: DOUBLE (Flyball, 8RXD, EV 98.1 MPH)
|
Batting: RHB Andy Sheridan
|
0-0: Ball 1-0: Foul Ball, location: 2F 1-1: Foul Ball, location: 2F 1-2: Foul Ball, location: 2F 1-2: Foul Ball, location: 2F 1-2: Ground out U3 (Groundball, 3S, EV 85.6 MPH)
|
Bottom of the 3rd over - 0 runs, 1 hit, 0 errors, 1 left on base; Mahoning Valley 0 - Spokane 0 |
TOP OF THE 4TH |
Mahoning Valley Scrappers batting - Pitching for Spokane Indians : RHP Loeck Bakker
|
Batting: RHB Ryan Gautney
|
0-0: Called Strike 0-1: Ball 1-1: Ground out 4-3 (Groundball, 34, EV 105.6 MPH)
|
Batting: SHB Joe Zeiset
|
0-0: Foul Ball, location: 2F 0-1: Ball 1-1: Foul Ball, location: 2F 1-2: Foul Ball, location: 2F 1-2: Strikes out swinging
|
Batting: LHB Devon Grant
|
0-0: Called Strike 0-1: Ball 1-1: Foul Ball, location: 2F 1-2: Foul Ball, location: 2F 1-2: Strikes out looking
|
Top of the 4th over - 0 runs, 0 hits, 0 errors, 0 left on base; Mahoning Valley 0 - Spokane 0 |
BOTTOM OF THE 4TH |
Spokane Indians batting - Pitching for Mahoning Valley Scrappers : RHP Marcus Cox
|
Batting: LHB Willie Calderon
|
0-0: Ball 1-0: Swinging Strike 1-1: Ball 2-1: Called Strike 2-2: Strikes out looking
|
Batting: RHB Zi-jing Wang
|
0-0: SINGLE (Flyball, 56D, EV 89.4 MPH)
|
Batting: RHB Jason Sher
|
Pickoff Throw to First - Error! E1 Zi-jing Wang to second 0-0: Ball Zi-jing Wang steals 3rd base 1-0: Ball 2-0: Swinging Strike 2-1: DOUBLE (Line Drive, 7LS, EV 88.1 MPH) Zi-jing Wang scores
|
Batting: RHB Alex Vasquez
|
0-0: Ball Jason Sher steals 3rd base 1-0: Called Strike 1-1: Ball 2-1: Called Strike 2-2: Fly out, F3 (Popup, 23F, EV 90.0 MPH)
|
Batting: RHB Dave Brabo
|
0-0: Foul Ball, location: 2F 0-1: Fly out, F8 (Flyball, 8RXD, EV 78.1 MPH)
|
Bottom of the 4th over - 1 run, 2 hits, 1 error, 1 left on base; Mahoning Valley 0 - Spokane 1 |
TOP OF THE 5TH |
Mahoning Valley Scrappers batting - Pitching for Spokane Indians : RHP Loeck Bakker
|
Batting: RHB Jeremy Givens
|
0-0: Foul Ball, location: 2F 0-1: Ground out 5-3 (Groundball, 5S, EV 67.5 MPH)
|
Batting: RHB Ricky Cordova
|
0-0: DOUBLE (Flyball, 89XD, EV 115.0 MPH)
|
Batting: RHB Gashie Chimsima
|
0-0: Ball 1-0: Foul Ball, location: 2F 1-1: Called Strike 1-2: Strikes out swinging
|
Batting: LHB Tom Bemis
|
0-0: Called Strike 0-1: Ball Wild Pitch! Ricky Cordova to third 1-1: Ball 2-1: Called Strike 2-2: Ground out 4-3 (Groundball, 13, EV 87.5 MPH)
|
Top of the 5th over - 0 runs, 1 hit, 0 errors, 1 left on base; Mahoning Valley 0 - Spokane 1 |
BOTTOM OF THE 5TH |
Spokane Indians batting - Pitching for Mahoning Valley Scrappers : RHP Marcus Cox
|
Batting: RHB Joe Kemp
|
0-0: Foul Ball, location: 2F 0-1: Foul Ball, location: 2F 0-2: Ground out 5-3 (Groundball, 56, EV 103.8 MPH)
|
Batting: LHB William Hanley
|
0-0: Ground out 4-3 (Groundball, 34, EV 95.6 MPH)
|
Batting: SHB Alvare Bairro
|
0-0: Fly out, F8 (Flyball, 8RS, EV 88.1 MPH)
|
Bottom of the 5th over - 0 runs, 0 hits, 0 errors, 0 left on base; Mahoning Valley 0 - Spokane 1 |
TOP OF THE 6TH |
Mahoning Valley Scrappers batting - Pitching for Spokane Indians : RHP Loeck Bakker
|
Batting: LHB John Harring
|
0-0: Swinging Strike 0-1: Swinging Strike 0-2: Ball 1-2: Foul Ball, location: 2F 1-2: Strikes out swinging
|
Batting: RHB Juan Padilla
|
0-0: Ball 1-0: Called Strike 1-1: Foul Ball, location: 2F 1-2: Ground out 5-3 (Groundball, 56, EV 103.1 MPH)
|
Batting: RHB Ryan Gautney
|
0-0: Ball 1-0: Ground out 5-3 (Groundball, 56, EV 104.4 MPH)
|
Top of the 6th over - 0 runs, 0 hits, 0 errors, 0 left on base; Mahoning Valley 0 - Spokane 1 |
BOTTOM OF THE 6TH |
Spokane Indians batting - Pitching for Mahoning Valley Scrappers : RHP Marcus Cox
|
Batting: RHB Andy Sheridan
|
0-0: Ball 1-0: Foul Ball, location: 2F 1-1: Ground out 6-3 (Groundball, 6, EV 83.1 MPH)
|
Batting: LHB Willie Calderon
|
0-0: SINGLE (Line Drive, 7S, EV 85.6 MPH)
|
Batting: RHB Zi-jing Wang
|
0-0: Ball Wild Pitch! Willie Calderon to second 1-0: Called Strike 1-1: Ground out 6-3 (Groundball, 6, EV 83.1 MPH) Willie Calderon to third
|
Batting: RHB Jason Sher
|
0-0: DOUBLE (Line Drive, 78D, EV 105.0 MPH) Willie Calderon scores
|
Batting: RHB Alex Vasquez
|
0-0: Called Strike 0-1: Swinging Strike 0-2: Strikes out swinging
|
Bottom of the 6th over - 1 run, 2 hits, 0 errors, 1 left on base; Mahoning Valley 0 - Spokane 2 |
TOP OF THE 7TH |
Mahoning Valley Scrappers batting - Pitching for Spokane Indians : RHP Loeck Bakker
|
Now at 1B: Roger Renteria
|
|
Batting: SHB Joe Zeiset
|
0-0: Fly out, F9 (Flyball, 9S, EV 82.5 MPH)
|
Batting: LHB Devon Grant
|
0-0: Called Strike 0-1: Ball 1-1: Ball 2-1: Fly out, F5 (Popup, 5SF, EV 77.5 MPH)
|
Batting: RHB Jeremy Givens
|
0-0: Called Strike 0-1: Ball 1-1: Swinging Strike 1-2: Strikes out swinging
|
Top of the 7th over - 0 runs, 0 hits, 0 errors, 0 left on base; Mahoning Valley 0 - Spokane 2 |
BOTTOM OF THE 7TH |
Spokane Indians batting - Pitching for Mahoning Valley Scrappers : RHP Marcus Cox
|
Batting: RHB Dave Brabo
|
0-0: DOUBLE (Line Drive, 89D, EV 104.4 MPH)
|
Batting: RHB Joe Kemp
|
0-0: Ball 1-0: Ground out 6-3 (Groundball, 6, EV 97.5 MPH)
|
Batting: LHB William Hanley
|
0-0: Intentional Walk
|
Batting: SHB Alvare Bairro
|
0-0: Called Strike 0-1: Ball 1-1: Ball 2-1: Fly out, F7 (Flyball, 7D, EV 99.4 MPH)
|
Batting: RHB Roger Renteria
|
0-0: Ball 1-0: Called Strike 1-1: Ball 2-1: TRIPLE (Line Drive, 8RXD, EV 102.5 MPH) Dave Brabo scores William Hanley scores
|
Batting: LHB Willie Calderon
|
0-0: Ball 1-0: Called Strike 1-1: Ball 2-1: Called Strike 2-2: Ball 3-2: Base on Balls
|
Batting: RHB Zi-jing Wang
|
0-0: Ball 1-0: Reached on error, E6 (Popup, 56, EV 53.1 MPH) Roger Renteria scores Willie Calderon to second
|
Pitching: RHP Victor Amador
|
|
Batting: RHB Jason Sher
|
0-0: Ball 1-0: Foul Ball, location: 2F 1-1: Ball 2-1: Ground out 5-3 (Groundball, 56, EV 102.5 MPH)
|
Bottom of the 7th over - 3 runs, 2 hits, 1 error, 2 left on base; Mahoning Valley 0 - Spokane 5 |
TOP OF THE 8TH |
Mahoning Valley Scrappers batting - Pitching for Spokane Indians : RHP Loeck Bakker
|
Batting: RHB Ricky Cordova
|
0-0: Called Strike 0-1: Foul Ball, location: 2F 0-2: Strikes out swinging
|
Batting: RHB Gashie Chimsima
|
0-0: Ball 1-0: Foul Ball, location: 2F 1-1: Called Strike 1-2: SINGLE (Flyball, 6D, EV 96.3 MPH)
|
Pitching: LHP Alpo Pertusov
|
|
Batting: LHB Tom Bemis
|
0-0: Foul Ball, location: 2F 0-1: Foul Ball, location: 2F 0-2: Strikes out swinging
|
Batting: LHB John Harring
|
0-0: Ball 1-0: Fielders Choice at 2nd, U6 (Groundball, 6M, EV 101.3 MPH)
|
Top of the 8th over - 0 runs, 1 hit, 0 errors, 1 left on base; Mahoning Valley 0 - Spokane 5 |
BOTTOM OF THE 8TH |
Spokane Indians batting - Pitching for Mahoning Valley Scrappers : RHP Victor Amador
|
Batting: RHB Alex Vasquez
|
0-0: Called Strike 0-1: Ball 1-1: Foul Ball, location: 2F 1-2: Ball 2-2: Ball 3-2: Foul Ball, location: 2F 3-2: Ground out 5-3 (Groundball, 5S, EV 81.9 MPH)
|
Batting: RHB Dave Brabo
|
0-0: Ground out 4-3 (Groundball, 4, EV 106.3 MPH)
|
Batting: RHB Joe Kemp
|
0-0: Called Strike 0-1: Ball 1-1: SINGLE (Groundball, 4M, EV 99.4 MPH)
|
Batting: LHB William Hanley
|
0-0: Called Strike Joe Kemp steals 2nd base 0-1: Called Strike 0-2: Ball 1-2: Strikes out looking
|
Bottom of the 8th over - 0 runs, 1 hit, 0 errors, 1 left on base; Mahoning Valley 0 - Spokane 5 |
TOP OF THE 9TH |
Mahoning Valley Scrappers batting - Pitching for Spokane Indians : LHP Alpo Pertusov
|
Batting: RHB Juan Padilla
|
0-0: Ball 1-0: DOUBLE (Line Drive, 7LD, EV 105.6 MPH)
|
Batting: RHB Ryan Gautney
|
0-0: Ball 1-0: Called Strike 1-1: Ball 2-1: Swinging Strike 2-2: Ball 3-2: Base on Balls
|
Batting: SHB Joe Zeiset
|
0-0: Called Strike 0-1: Called Strike 0-2: Ball 1-2: Ball 2-2: Foul Ball, location: 2F 2-2: Fielders Choice at 2nd, 6-4 (Groundball, 6, EV 93.8 MPH) Juan Padilla to third
|
Pinch Hitting: RHB Andy Lewis
|
0-0: Ball 1-0: Ball 2-0: Ball 3-0: Called Strike 3-1: Called Strike 3-2: Strikes out looking
|
Batting: RHB Jeremy Givens
|
0-0: Foul Ball, location: 2F 0-1: Foul Ball, location: 2F 0-2: Ball 1-2: Foul Ball, location: 2F 1-2: Fielders Choice at 2nd, 5-4 (Groundball, 56, EV 77.5 MPH)
|
Top of the 9th over - 0 runs, 1 hit, 0 errors, 2 left on base; Mahoning Valley 0 - Spokane 5 |
|